 Dungeon Crawl Stone Soup version 0.31-a0-986-g5e6e4ef867 (webtiles) character file.

Game seed: 1843219474174565650

133 2FriedEggs the Magician (level 5, 0/31 HPs)
             Began as an Octopode Earth Elementalist on Nov 15, 2023.
             Slain by an orc priest
             ... wielding a +0 hand axe
              (3 damage)
             ... on level 4 of the Dungeon.
             The game lasted 00:04:27 (3250 turns).

2FriedEggs the Magician (OpEE)                      Turns: 3250, Time: 00:04:28

Health: 0/31       AC:  1    Str:  7    XL:     5   Next: 16%
Magic:  12/12      EV: 13    Int: 20    God:
Gold:   197        SH:  0    Dex: 12    Spells: 5/13 levels left

rFire   . . .        (no weapon)
rCold   . . .        (no shield)
rNeg    . . .        (helmet restricted)
rPois   .            l - amulet of magic regeneration
rElec   .            d - ring of flight
rCorr   .            (no ring)
SInv    .            (no ring)
Will    +....        (no ring)
Stlth   +++          (no ring)
HPRegen 0.25/turn    (no ring)
MPRegen 0.53/turn    (no ring)
                     (no ring)

%: no passive effects
@: brilliant, enlightened, flying, very slightly contaminated
A: almost no armour, amphibious, 8 rings, camouflage 1, gelatinous body 1,
(nimble swimmer 1), tentacles
a: no special abilities


You were on level 4 of the Dungeon.
You visited 1 branch of the dungeon, and saw 4 of its levels.

You collected 197 gold pieces.

Inventory:

Missiles
 b - 2 throwing nets
Jewellery
 d - a ring of flight (left tentacle)
 l - an amulet of magic regeneration (around mantle)
 p - a ring of fire
Wands
 o - a wand of digging (5)
Scrolls
 c - a scroll of silence {unknown}
 f - a scroll of noise {unknown}
 g - 2 scrolls of enchant armour {unknown}
 i - 3 scrolls of identify {unknown}
 k - a scroll of blinking {unknown}
 q - 2 scrolls of teleportation {unknown}
 s - a scroll of amnesia {unknown}
Potions
 a - a potion of magic
 j - a potion of might {unknown}
 m - a potion of cancellation {unknown}
 n - a potion of lignification {unknown}


   Skills:
 - Level 2.0 Dodging
 - Level 2.6 Stealth
 + Level 4.8 Spellcasting
 - Level 1.0 Transmutations
 - Level 3.0 Earth Magic


You had 5 spell levels left.
You knew the following spells:

 Your Spells              Type           Power      Damage    Failure   Level
a - Sandblast             Erth           50%        2d12      3%          1
b - Stone Arrow           Conj/Erth      32%        3d9       19%         3
c - Brom's Barrelling Bo  Conj/Erth      16%        2d4       54%         4

Your spell library contained the following spells:

 Spells                   Type           Power      Damage    Failure   Level
 Passwall                 Tmut/Erth      15%        N/A       8%          2
 Apportation              Tloc           14%        N/A       12%         1
 Freeze                   Ice            28%        1d5       12%         1
 Necrotise                Necr           28%        1d5       12%         1
 Summon Small Mammal      Summ           28%        N/A       12%         1
 Frozen Ramparts          Ice            14%        1d3       34%         3
 Hailstorm                Conj/Ice       7%         3d4       34%         3
 Petrify                  Tmut/Erth      19%        N/A       45%         4


Dungeon Overview and Level Annotations

Branches:
Dungeon (4/15)
 Temple: D:4-7

Altars:
Cheibriados
Vehumet
Wu Jian

Shops:
D:3 (


Innate Abilities, Weirdness & Mutations

You cannot wear most types of armour.
You are amphibious.
You can wear up to eight rings at the same time.
Your skin changes colour to match your surroundings (Stealth+).
Your rubbery body absorbs attacks. (AC +1, EV +1)
((You are camouflaged when in or above water. (Stealth+)))
You have tentacles for arms and can constrict up to eight enemies at once.


Message History

Casting: Sandblast (safe; 3% risk of failure)
Confirm with . or Enter, or press ? or * to list all spells.
Aiming: Sandblast (safe; 3% risk of failure)
Press: ? - help, Shift-Dir - straight line, f/p - orc priest
Aim: an orc priest, wielding a +0 hand axe and wearing a +0 leather armour (moderately wounded, 82% to hit)
The blast of sand hits the orc priest but does no damage.
The orc priest is moderately wounded.
The orc priest mumbles some strange prayers to Beogh against you.
Pain shoots through your body!
Casting: Sandblast (safe; 3% risk of failure)
Confirm with . or Enter, or press ? or * to list all spells.
Aiming: Sandblast (safe; 3% risk of failure)
Press: ? - help, Shift-Dir - straight line, f/p - orc priest
Aim: an orc priest, wielding a +0 hand axe and wearing a +0 leather armour (moderately wounded, 82% to hit)
The blast of sand hits the orc priest.
The orc priest is heavily wounded.
The orc priest shouts!
You hear a shout!
The orc priest hits you with a +0 hand axe.
The orc priest barely misses you.
It was a potion of enlightenment.
You feel more buoyant.
The orc priest hits you with a +0 hand axe.
* * * LOW HITPOINT WARNING * * *
Unknown command.
It was a potion of brilliance.
You feel clever all of a sudden. The orc hits you with a +0 club.
* * * LOW HITPOINT WARNING * * *
Unknown command.
It was a potion of curing.
You feel better.
The orc priest hits you with a +0 hand axe.
* * * LOW HITPOINT WARNING * * *
The orc hits you with a +0 club.
* * * LOW HITPOINT WARNING * * *
You feel better. The orc closely misses you.
The orc priest invokes the aid of Beogh against you.
Pain shoots through your body!
* * * LOW HITPOINT WARNING * * *
The orc priest hits you with a +0 hand axe.
You die...

.........................
.........................
............o............
.........................
....>....................
..........#.####.........
.......####.## ##........
......## #..###oo####...
......# #...##@o# .
......# #.#....###...
#..###......# #.##
#......# .. #.###..# #.#
#.# #.# .. ..# ... .##
... ... .... ..


You could see 2 orc priests and an orc.

Vanquished Creatures
  An iguana (D:3)
  2 gnolls (D:4)
  An adder (D:2)
  7 orcs
  9 endoplasms
  2 giant cockroaches
  9 hobgoblins
  3 jackals (D:2)
  6 kobolds
  3 quokkas
  8 ball pythons
  5 frilled lizards
  6 goblins
  6 rats
68 creatures vanquished.

Notes
Turn   | Place    | Note
-------+----------+-------------------------------------------
     0 | D:1      | 2FriedEggs the Octopode Earth Elementalist began the quest
                  | for the Orb.
     0 | D:1      | Reached XP level 1. HP: 11/11 MP: 3/3
   262 | D:1      | Reached XP level 2. HP: 17/17 MP: 3/5
   403 | D:1      | Reached skill level 3 in Spellcasting
   900 | D:1      | Reached XP level 3. HP: 21/21 MP: 4/7
  1178 | D:2      | Found a faded altar of an unknown god.
  1701 | D:2      | Reached XP level 4. HP: 27/27 MP: 9/9
  1992 | D:3      | Reached skill level 4 in Spellcasting
  2096 | D:3      | You are sucked into a shaft and drop 1 floor!
  2486 | D:3      | Found a radiant altar of Vehumet.
  2518 | D:3      | Found a snail-covered altar of Cheibriados.
  2574 | D:3      | Found an ornate altar of the Wu Jian Council.
  2577 | D:3      | Found Nawkemn's Antique Weapon Boutique.
  3004 | D:4      | Noticed an ogre
  3133 | D:4      | Learned a level 3 spell: Stone Arrow
  3138 | D:4      | Learned a level 4 spell: Brom's Barrelling Boulder
  3162 | D:3      | Reached XP level 5. HP: 23/31 MP: 10/12
  3249 | D:4      | HP: 1/31 [orc/+0 club (3)]
  3250 | D:4      | Slain by an orc priest

Illustrated notes

Levels and vault maps discovered:
D:1:      nicolae_arrival_somewhat_less_tricky_arrival, layout_loops_corners
D:2:      layout_loops_ring, chequers_ecumenical_altar_simple,
          kennysheep_generic_room_16
D:3:      layout_loops_ring, nicolae_wu_jian_wuxing_cycle,
          mainiacjoe_overflow_two_lobes, serial_shops, shop, st_stairs_14,
          minmay_tree_intersection
D:4:      layout_layer_cave, minmay_temple_entry_grid

Skill      XL: |  1  2  3  4 |
---------------+-------------+-----
Spellcasting   | 3 4 |  4.8
Dodging        | |  2.0
Stealth        | |  2.6
Transmutations | |  1.0
Earth Magic    | |  3.0

Action                     |  1- 3 |  4- 6 || total
---------------------------+-------+-------++-------
  Melee: Unarmed           |    23 |    14 ||    37
         Tentacles         |     7 |     3 ||    10
         Constrict         |     7 |     3 ||    10
   Cast: Sandblast         |    47 |    45 ||    92
    Use: Potion            |       |     4 ||     4
   Stab: Sleeping          |     2 |       ||     2
 Armour: Skin              |    11 |    23 ||    34
  Dodge: Dodged            |    26 |    22 ||    48

Table legend: (Time is in decaauts)
 A = Elapsed time spent in this place.
 B = Non-inter-level travel time spent in this place.
 C = Inter-level travel time spent in this place.
 D = Time resting spent in this place.
 E = Time spent auto-exploring this place.
 F = Levels seen in this place.
 G = Mean time per level.
                   A        B        C        D        E       F      G
               +--------+--------+--------+--------+--------+-----+--------+
         Total |   3296 |   3103 |    193 |    253 |   2355 |   4 |  824.0 |
       Dungeon |   3296 |   3103 |    193 |    253 |   2355 |   4 |  824.0 |
               +--------+--------+--------+--------+--------+-----+--------+

Top non-repeatable levels by time:
     D:1: 1103 daAuts
     D:3: 1100 daAuts
     D:2: 881 daAuts
     D:4: 211 daAuts
